 Dungeon Sprint DCSS version 0.27-a0-1147-gb3d8e82157 (webtiles) character file.

Game seed: 4232836138310958452

7 Zeld the Gusty (level 2, -1/17 HPs)
             Began as an Octopode Air Elementalist on May 11, 2021.
             Was an Initiate of Sif Muna.
             Slain by a toenail golem (6 damage)
             ... in the Dungeon (Sprint V: "Ziggurat Sprint").
             The game lasted 00:01:43 (103 turns).

Zeld the Gusty (Octopode Air Elementalist)           Turns: 103, Time: 00:01:44

Health: -1/17      AC:  1    Str:  7    XL:     2   Next: 0%
Magic:  7/7        EV: 13    Int: 29    God:    Sif Muna [......]
Gold:   0          SH:  0    Dex: 12    Spells: 6/9 levels left

rFire    . . .     SeeInvis .   (no weapon)
rCold    . . .     Faith    .   (no shield)
rNeg     . . .     Spirit   .   (helmet restricted)
rPois    .         Reflect  .   (no amulet)
rElec    .         Harm     .   u - +6 ring of intelligence
rCorr    .         Rampage  .   v - +6 ring of intelligence
Will     .....     NoTele   +   (no ring)
Stlth    +++.......             (no ring)
HPRegen  0.05/turn              (no ring)
MPRegen  0.10/turn              (no ring)
                                (no ring)
                                (no ring)

@: no status effects
A: almost no armour, amphibious, 8 rings, camouflage 1, gelatinous body 1,
(nimble swimmer 1), tentacles
a: Renounce Religion


You were in the Dungeon.
You worshipped Sif Muna.
Sif Muna was noncommittal.
You visited 1 branch

Inventory:

Jewellery
 u - a +6 ring of intelligence (left tentacle)
 v - a +6 ring of intelligence (right tentacle)
Wands
 q - a wand of mindburst (7)
 s - a wand of acid (7)
Scrolls
 a - 4 scrolls of amnesia
 h - 7 scrolls of fog
 i - a scroll of holy word
 j - 5 scrolls of identify
 k - a scroll of fear
Potions
 b - 10 potions of curing
 c - 10 potions of heal wounds
 d - 6 potions of haste
 e - 7 potions of magic
 f - 3 potions of berserk rage
 l - 2 potions of brilliance
 m - 2 potions of invisibility
 n - 4 potions of resistance
 p - 5 potions of might
Miscellaneous
 t - a lightning rod (1/4)


   Skills:
 + Level 0.0 Fighting
 + Level 2.0 Dodging
 - Level 2.6 Stealth
 + Level 4.3 Spellcasting
 - Level 1.0 Conjurations
 * Level 6.8 Air Magic
 * Level 0.0 Invocations


You had 6 spell levels left.
You knew the following spells:

 Your Spells              Type           Power      Damage    Failure   Level
a - Shock                 Conj/Air       100%       1d9       1%          1
b - Static Discharge      Conj/Air       28%        N/A       1%          2

Your spell library contained the following spells:

 Spells                   Type           Power      Damage    Failure   Level
 Swiftness                Air            45%        N/A       1%          3
 Airstrike                Air            22%        N/A       4%          4
 Lightning Bolt           Conj/Air       14%        1d27      36%         5


Dungeon Overview and Level Annotations

Branches:
Dungeon (1/1)

Altars:
Ashenzari
Cheibriados
Dithmenos
Elyvilon
Fedhas
Gozag
Hepliaklqana
Kikubaaqudgha
Makhleb
Nemelex Xobeh
Okawaru
Qazlal
Ru
Sif Muna
Trog
Uskayaw
Vehumet
Wu Jian
Xom
Yredelemnul
Zin
The Shining One
Beogh
Jiyva
Lugonu

Annotations:
D 1 transporter


Innate Abilities, Weirdness & Mutations

You cannot wear most types of armour.
You are amphibious.
You can wear up to eight rings at the same time.
Your skin changes colour to match your surroundings (Stealth+).
Your rubbery body absorbs attacks. (AC +1, EV +1)
((You are camouflaged near water. (Stealth+)))
You have tentacles for arms and can constrict up to eight enemies at once.


Message History

The toenail golem is severely damaged.
Unknown command.
Aiming: Iceblast
Press: ? - help, Shift-Dir - straight line The mass of ice explodes!
The iceblast engulfs the toenail golem!
The toenail golem partially resists.
The toenail golem is severely damaged.
The iceblast engulfs the toenail golem!
The toenail golem partially resists.
The toenail golem is almost destroyed.
The now-empty wand crumbles to dust.
The toenail golem closely misses you.
Unknown command.
As you read the scroll of fear, it crumbles to dust.
You assume a fearsome visage.
The toenail golem is unaffected. x2
The toenail golem hits you!
Ouch! That really hurt!
The toenail golem hits you.
Unknown command.
Okay, then.
Aiming: Thunderbolt
Press: ? - help, Shift-Dir - straight line The thunderbolt hits the toenail golem.
The toenail golem resists.
The toenail golem is almost destroyed.
The toenail golem barely misses you. The toenail golem hits you.
* * * LOW HITPOINT WARNING * * *
Unknown command.
Unknown command.
Aiming: Thunderbolt
Press: ? - help, Shift-Dir - straight line The thunderbolt hits the toenail golem.
The toenail golem resists.
The toenail golem is almost destroyed.
The toenail golem closely misses you. x2
Unknown command.
Unknown command.
Aiming: Thunderbolt
Press: ? - help, Shift-Dir - straight line The thunderbolt hits the toenail golem!
The toenail golem resists.
You destroy the toenail golem!
Sif Muna accepts your kill. The toenail golem hits you.
You die...

▓▓▓▓▓▓▓
▓.8©8.▓
▓.....▓
▓.|.}.▓
▓.....▓
▓8....▓
▓@.©..▓
▓▓▓▓▓▓▓


You could see a toenail golem.

Vanquished Creatures
  A toenail golem (D)
1 creature vanquished.

Notes
Turn   | Place    | Note
-------+----------+-------------------------------------------
     0 | D        | Zeld the Octopode Air Elementalist began the quest for the
                  | Orb.
     0 | D        | Reached XP level 1. HP: 11/11 MP: 3/3
     2 | D        | Found a blossoming altar of Fedhas.
     3 | D        | Found the +6 Majin-Bo {vamp, MP+6 Int+6}
     3 | D        | Found the +9 heavy crossbow "Sniper" {vorpal, Acc+∞ SInv}
     3 | D        | Found the +10 dark maul {vorpal}
     3 | D        | Found the +15 Maxwell's patent armour {-Cast -Tele rElec
                  | Will+ rCorr}
     3 | D        | Found the +18 shield of the Gong {rElec rN+ Will+ EV-5}
     3 | D        | Found the +14 obsidian axe {vorpal, Drain Fly SInv}
     3 | D        | Found the +7 great mace "Firestarter" {inner flame, rF++}
     3 | D        | Found the +6 shillelagh "Devastator" {shatter}
     3 | D        | Found the +11 plutonium sword {Contam Stlth-}
     3 | D        | Found the +8 lance "Wyrmbane" {slay drac, rPois rF+ rC+
                  | AC+3}
     3 | D        | Found the +9 sword of Zonguldrok {reap}
     3 | D        | Found the +13 scythe of Curses {drain, Drain}
     3 | D        | Found the +5 sword of Power {vorpal}
     3 | D        | Found the +7 mace of Variability {chain chaos}
     3 | D        | Found the +7 Singing Sword {vorpal, sonic wave}
     3 | D        | Found the +8 storm bow {elec, penet}
    11 | D        | Found a transporter.
    11 | D        | Found a viscous altar of Jiyva.
    11 | D        | Found an ancient bone altar of Kikubaaqudgha.
    11 | D        | Found a hazy altar of Hepliaklqana.
    11 | D        | Found a corrupted altar of Lugonu.
    11 | D        | Found an opulent altar of Gozag.
    11 | D        | Found a burning altar of Makhleb.
    12 | D        | Found a sacrificial altar of Ru.
    12 | D        | Found a shimmering blue altar of Sif Muna.
    12 | D        | Found a stormy altar of Qazlal.
    12 | D        | Found a bloodstained altar of Trog.
    12 | D        | Found an iron altar of Okawaru.
    12 | D        | Found a sparkling altar of Nemelex Xobeh.
    30 | D        | Reached skill level 6 in Air Magic
    30 | D        | Reached XP level 2. HP: 17/17 MP: 4/7
    37 | D        | Became a worshipper of Sif Muna the Loreminder
    41 | D        | Learned a level 2 spell: Static Discharge
    88 | D        | Entered arena 2.
    88 | D        | Noticed a toenail golem
    88 | D        | Noticed a toenail golem
    88 | D        | Found a transporter.
   103 | D        | Killed a toenail golem
   103 | D        | Slain by a toenail golem

Illustrated notes

Levels and vault maps discovered:
D:        sprint_v [room_start, room_1, room_2, room_3, room_4, room_5, room_6,
          room_7, room_8, room_9, room_10, room_11, room_12, room_13, room_14,
          room_15, room_16, room_17, room_18, room_19, room_20, room_21,
          room_22, room_23, room_24, room_25, room_26, room_27]

Skill      XL: |  1 |
---------------+----+-----
Spellcasting   | 4 |  4.3
Air Magic      | 6 |  6.8
Dodging        | |  2.0
Stealth        | |  2.6
Conjurations   | |  1.0

Action                   || total
-------------------------++-------
Evoke: Wand              ||     7
       Lightning rod     ||     3
  Use: Potion            ||     1
       Scroll            ||     5
Dodge: Dodged            ||     5

Table legend: (Time is in decaauts)
 A = Elapsed time spent in this place.
 B = Non-inter-level travel time spent in this place.
 C = Inter-level travel time spent in this place.
 D = Time resting spent in this place.
 E = Time spent auto-exploring this place.
 F = Levels seen in this place.
 G = Mean time per level.
                   A        B        C        D        E       F      G
               +--------+--------+--------+--------+--------+-----+--------+
         Total |    102 |    102 |      0 |     29 |      0 |   1 |  102.0 |
       Dungeon |    102 |    102 |      0 |     29 |      0 |   1 |  102.0 |
               +--------+--------+--------+--------+--------+-----+--------+

Top non-repeatable levels by time:
       D: 102 daAuts
